 Dungeon Crawl Stone Soup version 0.18.2-3-g5ac21b8443 (webtiles) character file.

125 Erymatos the Skirmisher (level 4, 0/42 HPs)
             Began as a Minotaur Berserker on Nov 12, 2020.
             Was a Believer of Trog.
             Slain by Kurba's ghost (6 damage)
             ... on level 3 of the Dungeon.
             The game lasted 00:03:55 (1994 turns).

Erymatos the Skirmisher (Minotaur Berserker)        Turns: 1994, Time: 00:03:55

Health: 0/42       AC:  2    Str: 23    XL:     4   Next: 82%
Magic:  3/3        EV: 12    Int:  8    God:    Trog [**....]
Gold:   105        SH:  0    Dex:  9    Spells: 0 memorised, 3 levels left

rFire  + . .     SeeInvis .     a - +0 hand axe
rCold  . . .     Gourm    .     b - +0 animal skin
rNeg   . . .     Faith    .     (no shield)
rPois  .         Spirit   .     (helmet restricted)
rElec  .         Dismiss  .     (no cloak)
rCorr  .         Reflect  .     (no gloves)
SustAt .         Harm     +     (no boots)
MR     .....                    r - amulet of harm
Stlth  +.........               u - ring of protection from fire
                                t - +4 ring of intelligence

@: not resistant to hostile enchantments, very unstealthy
A: retaliatory headbutt, horns 2
a: Berserk, Trog's Hand, Burn Spellbooks, Renounce Religion


You were on level 3 of the Dungeon.
You worshipped Trog.
Trog was pleased with you.
You were not hungry.

You visited 1 branch of the dungeon, and saw 3 of its levels.

You collected 105 gold pieces.

Inventory:

Hand Weapons
 a - a +0 hand axe (weapon)
Armour
 b - a +0 animal skin (worn)
Jewellery
 r - an amulet of harm (around neck)
 t - a +4 ring of intelligence (left hand)
 u - a ring of protection from fire (right hand)
Scrolls
 d - a scroll of fear {unknown}
 e - 2 scrolls of random uselessness {unknown}
 f - 5 scrolls of remove curse {unknown}
 g - 2 scrolls of enchant weapon {unknown}
 l - a scroll of fog {unknown}
 m - a scroll of enchant armour {unknown}
 q - 2 scrolls of identify {unknown}
 s - a scroll of teleportation {unknown}
Potions
 i - a potion of mutation {unknown}
 k - a potion of cure mutation {unknown}
 n - a potion of brilliance {unknown}
 o - a potion of resistance {unknown}
 p - a potion of heal wounds {unknown}
 w - 2 potions of degeneration {unknown}
Comestibles
 c - a bread ration
 h - 3 beef jerkies
 j - a meat ration
 v - a slice of pizza


   Skills:
 + Level 5.1 Fighting
 + Level 4.6 Axes
 - Level 0.6 Throwing
 + Level 2.5 Armour
 + Level 3.4 Dodging


You had 3 spell levels left.
You didn't know any spells.

Dungeon Overview and Level Annotations

Branches:
Dungeon (3/15)

Altars:
Elyvilon
Fedhas
Nemelex Xobeh

Annotations:
D:3 Kurba's ghost, amateur HEIE


Innate Abilities, Weirdness & Mutations

You reflexively headbutt those who attack you in melee.
You have a pair of horns on your head.


Message History

Kurba's ghost hits you.
Unknown command.
You miss Kurba's ghost.
Kurba's ghost is moderately damaged.
Kurba's ghost gestures at you while chanting.
You are frozen.
Unknown command.
You barely miss Kurba's ghost. Your headbutt misses Kurba's ghost.
Kurba's ghost is moderately damaged.
Kurba's ghost points at you and mumbles some strange words.
You are frozen.
* * * LOW HITPOINT WARNING * * *
You're too hungry to go berserk.
Eat which item? (? for menu, Esc to quit)
Kurba's ghost misses you.
You continue eating.
Kurba's ghost hits you but does no damage.
You continue eating.
Kurba's ghost hits you.
You die...

#.....#
#.....#
#.....#
#.....#
#.....# #####
#.....# #...#
+..W..#
#####.#.###
#..@..#
#.<...#...#
#.....#
####....###
###'###
##.####### #.#
#......†####.#
#....#.......#
#..#....####.#
#..#.#.## #.#
#....#.# ###


You could see Kurba's ghost.

Vanquished Creatures
  A gnoll (D:1)
  4 adders (D:2)
  2 oozes
  2 worms
  A dart slug (D:1)
  A giant gecko (D:1)
  4 bats
  3 giant cockroaches
  4 goblins
  6 hobgoblins
  16 jackals
  6 kobolds
  A quokka (D:2)
  A giant newt (D:1)
  4 rats
56 creatures vanquished.

Notes
Turn   | Place    | Note
--------------------------------------------------------------
     0 | D:1      | Erymatos the Minotaur Berserker began the quest for the Orb.
     0 | D:1      | Reached XP level 1. HP: 19/19 MP: 0/0
   155 | D:1      | Reached XP level 2. HP: 18/27 MP: 1/1
   159 | D:1      | Reached skill level 4 in Fighting
   324 | D:1      | Reached XP level 3. HP: 21/33 MP: 2/2
  1125 | D:2      | Reached ** piety under Trog
  1144 | D:2      | Reached XP level 4. HP: 19/41 MP: 3/3
  1242 | D:2      | Found a white marble altar of Elyvilon.
  1364 | D:2      | Reached skill level 5 in Fighting
  1421 | D:2      | HP: 2/42 [jackal (3)]
  1847 | D:2      | Found a sparkling altar of Nemelex Xobeh.
  1847 | D:2      | Found a blossoming altar of Fedhas.
  1984 | D:3      | Noticed Kurba's ghost (amateur HEIE)
  1994 | D:3      | Slain by Kurba's ghost

Skill      XL: |  1  2  3  4 |
---------------+-------------+-----
Axes           | 4 |  4.6
Fighting       | 4 5 |  5.1
Dodging        | 3 |  3.4
Throwing       | |  0.6
Armour         | |  2.5

Action                   |  1- 3 |  4- 6 || total
-------------------------+-------+-------++-------
Melee: Hand axe          |    61 |    56 ||   117
       Headbutt          |    13 |     9 ||    22
Invok: Berserk           |     1 |     1 ||     2
  Eat: Chunk             |       |     4 ||     4
       Bread ration      |       |     1 ||     1
Armor: Animal skin       |    16 |    15 ||    31
Dodge: Dodged            |    29 |    44 ||    73
